 Dungeon Crawl Stone Soup version 0.31-a0-640-g39d97e502b (webtiles) character file.

Game seed: 14908916908701937397

107 qw the Shooter (level 4, -4/28 HPs)
             Began as a Gargoyle Hunter on Aug 27, 2023.
             Slain by a cerulean imp
             ... wielding a +2 spear
             ... summoned by Natasha
              (7 damage)
             ... on level 2 of the Dungeon.
             The game lasted 00:00:40 (1641 turns).

qw the Shooter (Gargoyle Hunter)                    Turns: 1641, Time: 00:00:40

Health: -4/28      AC:  8    Str: 14    XL:     4   Next: 86%
Magic:  4/4        EV: 10    Int: 10    God:
Gold:   60         SH:  0    Dex: 15    Spells: 3/3 levels left

rFire   . . .        Y - +0 shortbow
rCold   . . .        (shield currently unavailable)
rNeg    + . .        d - +0 ring mail
rPois   inf          (no helmet)
rElec   +            (no cloak)
rCorr   .            (no gloves)
SInv    .            (no boots)
Will    .....        k - amulet of faith
Stlth   +            (no ring)
HPRegen 0.24/turn    (no ring)
MPRegen 0.09/turn

%: faith
@: no status effects
A: sickness immunity, AC +3, negative energy resistance 1, electricity
resistance, torment resistance 1, petrification resistance
a: no special abilities


You were on level 2 of the Dungeon.
You visited 1 branch of the dungeon, and saw 2 of its levels.

You collected 60 gold pieces.


Innate Abilities, Weirdness & Mutations

You are immune to sickness and miasma.
Your stone body is resilient. (AC +3)
You are immune to poison.
You resist negative energy. (rN+)
You are resistant to electric shocks. (rElec)
You are resistant to unholy torment.
You are immune to petrification.


   Skills:
 - Level 3.2 Fighting
 + Level 5.4 Ranged Weapons
 - Level 1.0 Armour
 - Level 1.5 Dodging
 - Level 1.1 Stealth


You had 3 spell levels left.
You didn't know any spells.
Your spell library was empty.

Inventory:

Hand Weapons
 Y - a +0 shortbow (weapon)
Armour
 b - a +0 helmet
 d - a +0 ring mail (worn)
Jewellery
 j - a ring of fire
 k - an amulet of faith (around neck)
Scrolls
 c - a scroll of enchant weapon {unknown}
 f - a scroll of torment {unknown}
 g - 3 scrolls of identify
Potions
 e - a potion of magic {unknown}
 h - a potion of brilliance {unknown}
 i - a potion of heal wounds {unknown}

Dungeon Overview and Level Annotations

Branches:
Dungeon (2/15)

Altars:

Annotations:
D:2 Natasha


Message History

Enter note:
Enter note:
Enter note:
Enter note:
Enter note:
1634 ||| Stepping ~*~*~tactically~*~*~ (retreating).
Enter note:
Enter note:
Enter note:
1635 ||| Stepping ~*~*~tactically~*~*~ (retreating).
The cerulean imp disappears in a puff of smoke!
Natasha claws you but does no damage. The cerulean imp closely misses you.
1636 ||| Stepping ~*~*~tactically~*~*~ (retreating).
Natasha mumbles some strange words.
Enter note:
Enter note:
Enter note:
Enter note:
Enter note:
Enter note:
1637 ||| Stepping ~*~*~tactically~*~*~ (retreating).
The cerulean imp hits you from afar with a +2 spear.
Enter note:
Enter note:
Enter note:
1638 ||| Stepping ~*~*~tactically~*~*~ (retreating).
The cerulean imp hits you from afar with a +2 spear.
Enter note:
Enter note:
Enter note:
1639 ||| Stepping ~*~*~tactically~*~*~ (retreating).
You feel yourself speed up.
The cerulean imp hits you but does no damage.
You shoot an arrow.
The arrow closely misses the cerulean imp.
The cerulean imp misses you.
You shoot an arrow.
The arrow closely misses the cerulean imp.
The cerulean imp hits you from afar with a +2 spear!
You die...

# #.# #.# #...#.# #8.....7
# #.# #.###...#.# #.......
#
###.####...#...#.##........
# #..............#....
..8..7 #
#.....####.#.........##.##.
#
#..................#.......
#
#.....#....................
#.....#.##.#.%####.# #.# #
###.###.##@#..# ##.## #.# #
#########.#
#.##.######...###.# #
..........#
#.##.5.h55..#...#.# #
########..#
#.#########...#.#.### #..#
#.# ##.##...... #..# #.#
#.######## #.%# #.#
#.######## ## #..# #.#
#......... .### #..# #.#
##########


You could see a cerulean imp (summoned).

Vanquished Creatures
  Natasha (twice) (D:2)
  2 adders (D:2)
  A dart slug (D:1)
  7 ball pythons
  3 endoplasms
  A giant cockroach (D:2)
  6 goblins
  3 hobgoblins
  4 jackals (D:2)
  2 kobolds (D:1)
  4 bats
  A frilled lizard (D:1)
  3 rats
39 creatures vanquished.

Notes
Turn   | Place    | Note
-------+----------+-------------------------------------------
     0 | D:1      | qw the Gargoyle Hunter began the quest for the Orb.
     0 | D:1      | Reached XP level 1. HP: 12/12 MP: 1/1
     0 | D:1      | 0 ||| qw: Version: 0.3-a-74-g0d5e918
     0 | D:1      | 0 ||| qw: Game counter: 15
     0 | D:1      | 0 ||| qw: Melee chars always use a shield: true
     0 | D:1      | 0 ||| qw: God list: Okawaru
     0 | D:1      | 0 ||| qw: Allow faded altars: false
     0 | D:1      | 0 ||| qw: Do Orc after clearing Dungeon:15 true
     0 | D:1      | 0 ||| qw: Do second Lair branch before Depths: true
     0 | D:1      | 0 ||| qw: Lair rune preference: random
     0 | D:1      | 0 ||| qw: Goals: Normal
     0 | D:1      | 0 ||| PLANNING D:1-11
   217 | D:1      | Reached XP level 2. HP: 17/17 MP: 2/2
   525 | D:1      | Reached XP level 3. HP: 21/21 MP: 3/3
   791 | D:1      | 791 ||| UPGRADING to +0 ring mail.
   801 | D:1      | 801 ||| DROPPING +0 leather armour.
   802 | D:1      | 802 ||| UPGRADING to amulet of faith.
   807 | D:1      | 807 ||| READING scroll labelled DAKI UHEAZ.
   810 | D:1      | 810 ||| READING 2 scrolls labelled OLAN RIELEBA.
   811 | D:1      | 811 ||| READING scroll labelled NUBATS JAEDD.
   812 | D:1      | 812 ||| DROPPING scroll of butterflies.
   871 | D:2      | 871 ||| FLEEEEING.
   872 | D:2      | 872 ||| FLEEEEING.
   873 | D:2      | 873 ||| FLEEEEING.
   955 | D:2      | Reached skill level 1 in Armour
   987 | D:2      | Found a faded altar of an unknown god.
  1012 | D:2      | Noticed Natasha
  1019 | D:2      | Killed Natasha
  1020 | D:2      | Reached skill level 5 in Ranged Weapons
  1020 | D:2      | Reached XP level 4. HP: 26/26 MP: 4/4
  1174 | D:2      | Noticed Natasha
  1179 | D:2      | Killed Natasha
  1180 | D:2      | Reached skill level 3 in Fighting
  1444 | D:2      | Noticed Natasha
  1452 | D:2      | HP: 6/28 [Natasha/magic dart (3)]
  1453 | D:2      | 1453 ||| READING scroll of teleportation.
  1454 | D:2      | 1454 ||| Stepping ~*~*~tactically~*~*~ (retreating).
  1455 | D:2      | 1455 ||| Stepping ~*~*~tactically~*~*~ (retreating).
  1623 | D:2      | 1623 ||| Stepping ~*~*~tactically~*~*~ (outnumbered).
  1630 | D:2      | 1630 ||| Stepping ~*~*~tactically~*~*~ (retreating).
  1631 | D:2      | 1631 ||| Stepping ~*~*~tactically~*~*~ (retreating).
  1632 | D:2      | 1632 ||| Stepping ~*~*~tactically~*~*~ (retreating).
  1632 | D:2      | HP: 6/28 [Natasha/magic dart (6)]
  1633 | D:2      | 1633 ||| Stepping ~*~*~tactically~*~*~ (retreating).
  1634 | D:2      | 1634 ||| Stepping ~*~*~tactically~*~*~ (retreating).
  1635 | D:2      | 1635 ||| Stepping ~*~*~tactically~*~*~ (retreating).
  1636 | D:2      | 1636 ||| Stepping ~*~*~tactically~*~*~ (retreating).
  1637 | D:2      | 1637 ||| Stepping ~*~*~tactically~*~*~ (retreating).
  1637 | D:2      | HP: 3/28 [cerulean imp/+2 spear[Natasha] (1)]
  1638 | D:2      | 1638 ||| Stepping ~*~*~tactically~*~*~ (retreating).
  1639 | D:2      | 1639 ||| Stepping ~*~*~tactically~*~*~ (retreating).
  1641 | D:2      | Slain by a cerulean imp

Levels and vault maps discovered:
D:1:      reono_arrival_mine, layout_basic, minmay_misc_feat_doors,
          minmay_strange_pillars
D:2:      layout_loops_ring, hellmonk_ecumenical_altar_arch_garden,
          kennysheep_generic_room_10, uniq_natasha

Skill      XL: |  1  2  3  4 |
---------------+-------------+-----
Armour         | 1 |  1.0
Ranged Weapons | 5 |  5.4
Fighting       | 3 |  3.2
Dodging        | |  1.5
Stealth        | |  1.1

Action                     |  1- 3 |  4- 6 || total
---------------------------+-------+-------++-------
   Fire: Shortbow          |    85 |    64 ||   149
    Use: Scroll            |     3 |     1 ||     4
 Armour: Leather armour    |     3 |       ||     3
         Ring mail         |    32 |    27 ||    59
  Dodge: Dodged            |    43 |    33 ||    76

Table legend:
 A = Non-vault XP
 B = Vault XP
 C = Vault XP percentage of total XP
 D = Non-vault monster count
 E = Vault monster count
 F = Vault count percentage of total count
                 A         B        C        D         E       F
            +---------+---------+-------+---------+---------+-------
      Total |     121 |      33 |  21.4 |      38 |       1 |   2.6
            +---------+---------+-------+---------+---------+-------
        D:1 |      36 |       0 |   0.0 |      21 |       0 |   0.0
        D:2 |      85 |      33 |  28.0 |      17 |       1 |   5.6
            +---------+---------+-------+---------+---------+-------
